 Dungeon Crawl Stone Soup version 0.31-a0-210-gccc998df9b (webtiles) character file.

Game seed: 7839715943960115642

32 qw the Shooter (level 3, 0/21 HPs)
             Began as a Gargoyle Hexslinger on June 29, 2023.
             Slain by a kobold
             ... wielding a +0 whip
              (5 damage)
             ... on level 2 of the Dungeon.
             The game lasted 00:00:22 (961 turns).

qw the Shooter (Gargoyle Hexslinger)                 Turns: 961, Time: 00:00:23

Health: 0/21       AC:  7    Str: 11    XL:     3   Next: 25%
Magic:  4/4        EV: 11    Int: 13    God:
Gold:   30         SH:  0    Dex: 14    Spells: 3/4 levels left

rFire   . . .        Y - +1 sling
rCold   . . .        (no shield)
rNeg    + . .        i - +0 leather armour
rPois   inf          d - +0 helmet
rElec   +            (no cloak)
rCorr   .            (no gloves)
SInv    .            (no boots)
Will    .....        (no amulet)
Stlth   +            (no ring)
HPRegen 0.23/turn    (no ring)
MPRegen 0.09/turn

%: no passive effects
@: no status effects
A: sickness immunity, AC +3, negative energy resistance 1, electricity
resistance, torment resistance 1, petrification resistance
a: no special abilities


You were on level 2 of the Dungeon.
You visited 1 branch of the dungeon, and saw 2 of its levels.

You collected 30 gold pieces.


Innate Abilities, Weirdness & Mutations

You are immune to sickness and miasma.
Your stone body is resilient. (AC +3)
You are immune to poison.
You resist negative energy. (rN+)
You are resistant to electric shocks. (rElec)
You are resistant to unholy torment.
You are immune to petrification.


   Skills:
 - Level 2.0 Fighting
 + Level 3.2 Ranged Weapons
 - Level 1.5 Dodging
 - Level 1.0 Spellcasting
 - Level 2.6 Hexes


You had 3 spell levels left.
You knew the following spells:

 Your Spells              Type           Power      Damage    Failure   Level
a - Slow                  Hex            28%        N/A       12%         1

Your spell library contained the following spells:

 Spells                   Type           Power      Damage    Failure   Level
 Inner Flame              Hex/Fire       4%         N/A       54%         3
 Portal Projectile        Hex/Tloc       8%         N/A       54%         3
 Cause Fear               Hex            3%         N/A       77%         4

Inventory:

Hand Weapons
 Y - a +1 sling (weapon)
Armour
 d - a +0 helmet (worn)
 i - a +0 leather armour (worn)
Jewellery
 a - a ring of ice
 b - a ring of magical power
Scrolls
 c - 3 scrolls of silence {unknown}
Potions
 e - a potion of lignification {unknown}
 f - 2 potions of attraction {unknown}
 h - a potion of heal wounds {unknown}

Dungeon Overview and Level Annotations

Branches:
Dungeon (2/15)

Altars:


Message History

The hobgoblin hits you but does no damage.
The kobold hits you with a +0 whip.
You shoot a sling bullet. The sling bullet hits the adder.
The adder is severely wounded.
The adder barely misses you. The kobold hits you with a +0 whip.
The hobgoblin barely misses you. The adder bites you but does no damage.
You shoot a sling bullet. The sling bullet hits the adder.
The adder is severely wounded.
The adder closely misses you. The kobold hits you but does no damage.
The hobgoblin misses you.
You shoot a sling bullet.
The sling bullet barely misses the adder.
The sling bullet hits the dart slug.
The dart slug is heavily wounded.
The adder barely misses you. The hobgoblin barely misses you.
The kobold hits you with a +0 whip. The adder bites you but does no damage.
The hobgoblin hits you but does no damage.
The kobold hits you with a +0 whip.
You shoot a sling bullet.
The sling bullet barely misses the adder.
The sling bullet hits the dart slug.
You kill the dart slug!
The adder completely misses you. The kobold misses you. The hobgoblin hits you.
The adder closely misses you.
You shoot a sling bullet. The sling bullet misses the adder.
The adder bites you. The hobgoblin hits you.
The kobold hits you but does no damage.
You shoot a sling bullet.
The sling bullet barely misses the adder.
The adder closely misses you. The kobold hits you but does no damage.
The hobgoblin barely misses you. The adder misses you.
You shoot a sling bullet. The sling bullet misses the adder.
The adder barely misses you.
The hobgoblin hits you but does no damage.
The kobold barely misses you. The hobgoblin barely misses you.
The kobold hits you but does no damage. The adder completely misses you.
You shoot a sling bullet. The sling bullet hits the adder.
You kill the adder!
The hobgoblin closely misses you. The kobold hits you with a +0 whip.
You die...

##.#.#.##..#######.#####
.......#####^......#
....([.....#.#######
##.##.######.# ##..#.#
#.# #...#.# #.# ......#
##.##
......#####..<#####.#
##..#...........@%..#
#..............gK......
##.#...............#.#.
#.#######...#####.# #.#
#...# ... ###.# #...#
#.. ....# #...# ...
.#### #=..# .. .#


You could see a hobgoblin and a kobold.

Vanquished Creatures
  An adder (D:2)
  3 dart slugs
  2 bats
  3 endoplasms (D:1)
  2 giant cockroaches (D:1)
  4 hobgoblins
  A kobold (D:1)
  4 ball pythons (D:1)
  A frilled lizard (D:1)
  4 rats (D:1)
25 creatures vanquished.

Notes
Turn   | Place    | Note
-------+----------+-------------------------------------------
     0 | D:1      | qw the Gargoyle Hexslinger began the quest for the Orb.
     0 | D:1      | Reached XP level 1. HP: 12/12 MP: 2/2
     0 | D:1      | 0 ||| qw: Version: 0.3-a-24-g62f9e04
     0 | D:1      | 0 ||| qw: Game counter: 6735
     0 | D:1      | 0 ||| qw: Melee chars always use a shield: true
     0 | D:1      | 0 ||| qw: God list: Okawaru
     0 | D:1      | 0 ||| qw: Allow faded altars: false
     0 | D:1      | 0 ||| qw: Do Orc after clearing Dungeon:15 true
     0 | D:1      | 0 ||| qw: Do second Lair branch before Depths: true
     0 | D:1      | 0 ||| qw: Lair rune preference: random
     0 | D:1      | 0 ||| qw: Goals: Normal
     0 | D:1      | 0 ||| PLANNING D:1-11
   125 | D:1      | Reached XP level 2. HP: 16/16 MP: 3/3
   194 | D:1      | HP: 4/16 [hobgoblin (4)]
   284 | D:1      | Reached skill level 3 in Ranged Weapons
   623 | D:1      | 623 ||| UPGRADING to +0 helmet.
   628 | D:1      | 628 ||| UPGRADING to +0 leather armour.
   638 | D:1      | 638 ||| DROPPING +0 robe.
   639 | D:1      | 639 ||| READING scroll labelled TASUUR TICY.
   640 | D:1      | 640 ||| DROPPING scroll of poison.
   675 | D:2      | Reached XP level 3. HP: 21/21 MP: 4/4
   958 | D:2      | HP: 4/21 [hobgoblin (4)]
   961 | D:2      | Slain by a kobold

Levels and vault maps discovered:
D:1:      dpeg_chamrin_arrival_tetris, layout_basic, minivault_19,
          minmay_strange_pillars, minmay_misc_feat_tower, minmay_pentomino_x2
D:2:      layout_loops_cross, st_stairs_13, corner_web_ring, uniq_natasha

Skill      XL: |  1  2 |
---------------+-------+-----
Ranged Weapons | 3 |  3.2
Fighting       | 2 |  2.0
Dodging        | |  1.5
Spellcasting   | |  1.0
Hexes          | |  2.6

Action                     || total
---------------------------++-------
   Fire: Sling             ||    98
    Use: Scroll            ||     1
 Armour: Robe              ||     8
         Leather armour    ||    22
  Dodge: Dodged            ||    68

Table legend:
 A = Non-vault XP
 B = Vault XP
 C = Vault XP percentage of total XP
 D = Non-vault monster count
 E = Vault monster count
 F = Vault count percentage of total count
                 A         B        C        D         E       F
            +---------+---------+-------+---------+---------+-------
      Total |      44 |      15 |  25.4 |      23 |       2 |   8.0
            +---------+---------+-------+---------+---------+-------
        D:1 |      31 |       2 |   6.1 |      18 |       1 |   5.3
        D:2 |      13 |      13 |  50.0 |       5 |       1 |  16.7
            +---------+---------+-------+---------+---------+-------
